 Dungeon Crawl Stone Soup version 0.23.2-33-g5129a83184 (webtiles) character file.

Game seed: 17317499259603057807

49 Kold the Gusty (level 3, -4/19 HPs)
             Began as a Tengu Air Elementalist on July 2, 2019.
             Slain by a goblin
             ... wielding a +0 rapier of venom
              (5 damage)
             ... on level 2 of the Dungeon.
             The game lasted 00:05:15 (1494 turns).

Kold the Gusty (Tengu Air Elementalist)             Turns: 1494, Time: 00:05:16

Health: -4/19      AC:  2    Str:  8    XL:     3   Next: 75%
Magic:  6/7        EV: 12    Int: 16    God:
Gold:   102        SH:  0    Dex: 14    Spells: 5/6 levels left

rFire    . . .     SeeInvis .   g - +0 club
rCold    . . .     Gourm    .   (no shield)
rNeg     . . .     Faith    .   a - +0 robe
rPois    .         Spirit   .   (helmet restricted)
rElec    .         Reflect  .   (no cloak)
rCorr    .         Harm     .   (no gloves)
MR       .....                  (boots unavailable)
Stlth    ++........             (no amulet)
HPRegen  0.06/turn              (no ring)
MPRegen  0.10/turn              (no ring)

@: no status effects
A: beak, talons 3
a: no special abilities


You were on level 2 of the Dungeon.
You were not hungry.

You visited 1 branch of the dungeon, and saw 2 of its levels.

You collected 102 gold pieces.

Inventory:

Hand Weapons
 g - a +0 club (weapon)
Armour
 a - a +0 robe (worn)
Scrolls
 b - a scroll of identify {unknown}
 e - a scroll of random uselessness {unknown}
 f - 3 scrolls of remove curse {unknown}
 k - a scroll of enchant weapon {unknown}
 l - a scroll of teleportation {unknown}
Potions
 d - a potion of might {unknown}
 h - a potion of lignification {unknown}
 i - a potion of resistance {unknown}
 j - a potion of brilliance {unknown}
Comestibles
 c - 4 rations


   Skills:
 - Level 2.1 Dodging
 - Level 2.1 Stealth
 - Level 2.0 Spellcasting
 + Level 3.5 Conjurations
 + Level 4.9 Air Magic


You had 5 spell levels left.
You knew the following spells:

 Your Spells              Type           Power        Failure   Level  Hunger
a - Shock                 Conj/Air       ###.         3%          1    #......

Your spell library contained the following spells:

 Spells                   Type           Power        Failure   Level  Hunger
 Static Discharge         Conj/Air       ###.....     11%         3    ###....
 Swiftness                Chrm/Air       #.......     12%         2    ###....
 Airstrike                Air            ###.......   26%         4    #####..
 Lightning Bolt           Conj/Air       ###.......   69%         5    ######.


Dungeon Overview and Level Annotations

Branches:
Dungeon (2/15)

Altars:


Innate Abilities, Weirdness & Mutations

You have a beak for a mouth.
You have claws for feet.


Message History

The worm bites you!
Ouch! That really hurt!
* * * LOW HITPOINT WARNING * * *
You see here a jackal skeleton.
Found a stone staircase leading down.
A goblin comes into view. It is wielding a +0 rapier of venom.
Found a scroll labeled DUHIKE DOJUCHU.
Found 11 stones.
The goblin shouts!
The goblin barely misses you.
Found a scroll labeled NOISO GAARIAFF.
Casting: Shock (safe; 3% risk of failure)
Confirm with . or Enter, or press ? or * to list all spells.
Aiming: Shock (safe; 3% risk of failure)
Press: ? - help, Shift-Dir - straight line, f - goblin
Aim: a goblin, wielding a +0 rapier of venom The zap misses the goblin.
A leopard gecko skeleton comes into view.
The goblin hits you with a +0 rapier of venom.
You die...

# Z ### ?# ##.###
#.### #####.... ......
#...##.# #...?.#
#.#...w####.......
#..รท##....@g.>....
######.##.#.###.....(.
#.....<..###.. ......#
#.####.##.# #####.....
#.# #.# .# #.##. #.#
#.# # ## #.# #.# #.#
#.# #.# #.#


You could see a worm, a goblin and a leopard gecko skeleton.

Vanquished Creatures
  An ooze (D:1)
  A dart slug (D:1)
  A leopard gecko (D:1)
  2 giant cockroaches
  5 goblins (D:1)
  3 hobgoblins (D:1)
  12 jackals (D:2)
  A kobold (D:1)
  A quokka (D:2)
  5 bats
  A rat (D:2)
33 creatures vanquished.

Notes
Turn   | Place    | Note
-------+----------+-------------------------------------------
     0 | D:1      | Kold the Tengu Air Elementalist began the quest for the
                  | Orb.
     0 | D:1      | Reached XP level 1. HP: 10/10 MP: 4/4
   182 | D:1      | Reached XP level 2. HP: 15/15 MP: 1/6
   508 | D:1      | Reached XP level 3. HP: 11/19 MP: 4/7
  1494 | D:2      | Slain by a goblin

Skill      XL: |  1  2 |
---------------+-------+-----
Conjurations   | 2 3 |  3.5
Dodging        | |  2.1
Stealth        | |  2.1
Spellcasting   | |  2.0
Air Magic      | |  4.9

Action                   || total
-------------------------++-------
Melee: Unarmed           ||    11
       Kick              ||     1
       Club              ||     1
 Cast: Shock             ||    75
  Eat: Chunk             ||     3
Armor: Robe              ||     4
Dodge: Dodged            ||    17
